 Dungeon Crawl Stone Soup version 0.31-a0-217-g58bb5d79cf (webtiles) character file.

Game seed: 7979889000909553606

4092 qw the Skirmisher (level 10, -1/64 HPs)
             Began as a Gargoyle Hexslinger on July 2, 2023.
             Was an Initiate of Okawaru.
             Killed by divine providence
             ... invoked by an orc priest
              (14 damage)
             ... on level 8 of the Dungeon.
             The game lasted 00:03:10 (7707 turns).

qw the Skirmisher (Gargoyle Hexslinger)             Turns: 7707, Time: 00:03:10

Health: -1/64      AC: 23    Str: 12    XL:     10   Next: 26%
Magic:  11/11      EV: 17    Int: 14    God:    Okawaru [......]
Gold:   381        SH:  0    Dex: 22    Spells: 10/11 levels left

rFire   . . .        Y - +0 orcbow
rCold   . . .        (shield currently unavailable)
rNeg    + . .        g - +0 ring mail
rPois   inf          n - +2 helmet
rElec   +            i - +2 cloak {rPois}
rCorr   .            j - +2 pair of gloves
SInv    .            c - +0 pair of boots
Will    .....        (no amulet)
Stlth   +            q - +6 ring of dexterity
HPRegen 0.30/turn    a - +5 ring of evasion
MPRegen 0.12/turn

%: no passive effects
@: about to teleport
A: sickness immunity, AC +7, negative energy resistance 1, electricity
resistance, torment resistance 1, petrification resistance
a: Renounce Religion


You were on level 8 of the Dungeon.
You worshipped Okawaru.
Okawaru was noncommittal.
You visited 2 branches of the dungeon, and saw 9 of its levels.

You collected 495 gold pieces.
You spent 114 gold pieces at shops.


Innate Abilities, Weirdness & Mutations

You are immune to sickness and miasma.
Your stone body is resilient. (AC +7)
You are immune to poison.
You resist negative energy. (rN+)
You are resistant to electric shocks. (rElec)
You are resistant to unholy torment.
You are immune to petrification.


   Skills:
 - Level 8.0 Fighting
 + Level 11.7 Ranged Weapons
 - Level 4.0 Armour
 - Level 3.0 Dodging
 - Level 1.0 Spellcasting
 - Level 2.6 Hexes


You had 10 spell levels left.
You knew the following spells:

 Your Spells              Type           Power      Damage    Failure   Level
a - Slow                  Hex            32%        N/A       19%         1

Your spell library contained the following spells:

 Spells                   Type           Power      Damage    Failure   Level
 Inner Flame              Hex/Fire       4%         N/A       67%         3
 Portal Projectile        Hex/Tloc       8%         N/A       67%         3
 Cause Fear               Hex            4%         N/A       88%         4

Inventory:

Hand Weapons
 Y - a +0 orcbow (weapon)
Armour
 c - a +0 pair of boots (worn)
 g - a +0 ring mail (worn)
 i - a +2 cloak of poison resistance (worn)
 j - a +2 pair of gloves (worn)
 n - a +2 helmet (worn)
Jewellery
 a - a +5 ring of evasion (right hand)
 q - a +6 ring of dexterity (left hand)
Scrolls
 h - 2 scrolls of teleportation
 l - a scroll of vulnerability {unknown}
 o - a scroll of identify
Potions
 b - 3 potions of enlightenment
 d - 2 potions of lignification {unknown}
 e - a potion of haste
 f - a potion of cancellation
 k - 2 potions of curing

Dungeon Overview and Level Annotations

Branches:
Dungeon (8/15)             Temple (1/1) D:5
   Lair: D:8-11

Altars:
Ashenzari
Cheibriados
Dithmenos
Elyvilon
Fedhas
Gozag
Hepliaklqana
Kikubaaqudgha
Makhleb
Nemelex Xobeh
Okawaru
Qazlal
Ru
Sif Muna
Uskayaw
Vehumet
Wu Jian
Xom
Zin
The Shining One

Shops:
D:4 ?   D:5 :

Annotations:
D:3 1 runed translucent door, qw's ghost, amateur DEHu
D:4 2 transporters


Message History

An orc priest comes into view. It is wielding a +0 whip.
You shoot an arrow. The arrow barely misses the kobold.
The orc priest shouts!
The arrow hits the kobold brigand.
The kobold brigand is moderately wounded.
The orc priest mumbles some strange prayers to Beogh against you.
Beogh smites you! The kobold closely misses you.
The orc wizard casts a spell.
The orc wizard flickers and vanishes!
You shoot an arrow. The arrow closely misses the kobold.
The arrow hits the kobold brigand.
The kobold brigand is heavily wounded.
You shoot an arrow.
The arrow hits the troll but does no damage.
The orc priest casts a cantrip, but nothing happens.
The orc warrior misses you.
You shoot an arrow. The arrow hits the troll.
The troll is lightly wounded.
The orc warrior hits you from afar with a +0 trident.
The troll bites you but does no damage. The troll closely misses you.
The troll claws you.
You shoot an arrow. The arrow hits the troll!
The troll is moderately wounded.
The orc warrior completely misses you. The troll misses you.
The troll closely misses you. The troll claws you but does no damage.
You shoot an arrow. The arrow hits the troll.
The troll is heavily wounded.
The orc warrior completely misses you. The troll bites you but does no damage.
The troll barely misses you. The troll misses you.
You shoot an arrow. The arrow hits the troll.
The troll is heavily wounded.
The orc warrior misses you. The troll bites you. The troll claws you.
The troll misses you.
7707 ||| READING 3 scrolls of teleportation.
As you read the scroll of teleportation, it crumbles to dust.
You feel strangely unstable.
The orc warrior hits you from afar with a +0 trident.
The orc priest invokes the aid of Beogh against you.
Beogh smites you!
You die...

####....####........?####....#
...........+.........'.......#
####....####.).......####....#
#.#.## ##.......## ##.#.#
#.### ##.....## ###.# #.#
##...## #.# #.# ##'## #.# #.#
#.# ##### #.# #.# #@###...##
#.# ##T##.....## #.#
########oKKK......###.#
#......Ky{yK.......##.#
#.####{#oK............#
.....#.#...........####
#......####....## #.####.#..#
##...# #.......### ###.#


You could see a troll, an orc warrior, a kobold brigand, 2 killer bees, an orc
priest and 4 kobolds.

Vanquished Creatures
  A jumping spider (shapeshifter) (D:6)
  A ynoxinul (D:8)
  A wyvern (D:8)
  2 humans (D:7)
  2 steam dragons
  2 water moccasins (D:7)
  Duvessa (D:4)
  4 ice beasts
  3 black bears
  2 ogres
  2 centaurs
  A kobold brigand (D:7)
  2 phantoms
  4 bullfrogs
  2 scorpions
  7 wights (D:7)
  Dowan (D:4)
  2 killer bees
  2 howler monkeys (D:7)
  2 electric eels (D:6)
  5 hounds
  A jelly (D:4)
  A gnoll bouda (D:6)
  3 orc priests
  A sleepcap (D:5)
  4 iguanas
  An orc wizard (D:8)
  7 adders
  A shadow imp (D:6)
  2 white imps
  An ufetubus (D:5)
  A dart slug (D:2)
  9 orcs
  6 bats
  9 endoplasms
  2 giant cockroaches (D:4)
  6 goblins
  6 hobgoblins
  13 kobolds
  3 quokkas
  5 ball pythons
  4 frilled lizards
  6 rats
141 creatures vanquished.

Vanquished Creatures (others)
  An orc wizard (D:6)
1 creature vanquished.

Grand Total: 142 creatures vanquished

Notes
Turn   | Place    | Note
-------+----------+-------------------------------------------
     0 | D:1      | qw the Gargoyle Hexslinger began the quest for the Orb.
     0 | D:1      | Reached XP level 1. HP: 12/12 MP: 2/2
     0 | D:1      | 0 ||| qw: Version: 0.3-a-40-ge99b1a8
     0 | D:1      | 0 ||| qw: Game counter: 141
     0 | D:1      | 0 ||| qw: Melee chars always use a shield: true
     0 | D:1      | 0 ||| qw: God list: Okawaru
     0 | D:1      | 0 ||| qw: Allow faded altars: false
     0 | D:1      | 0 ||| qw: Do Orc after clearing Dungeon:15 true
     0 | D:1      | 0 ||| qw: Do second Lair branch before Depths: true
     0 | D:1      | 0 ||| qw: Lair rune preference: random
     0 | D:1      | 0 ||| qw: Goals: Normal
     0 | D:1      | 0 ||| PLANNING D:1-11
   196 | D:1      | Reached XP level 2. HP: 16/16 MP: 3/3
   308 | D:1      | Reached skill level 3 in Ranged Weapons
   540 | D:1      | Reached XP level 3. HP: 21/21 MP: 4/4
   811 | D:1      | You fall into a shaft and drop 1 floor!
   836 | D:2      | 836 ||| UPGRADING to +0 leather armour.
   846 | D:2      | 846 ||| DROPPING +0 robe.
   847 | D:2      | 847 ||| UPGRADING to +2 pair of gloves.
   852 | D:2      | 852 ||| UPGRADING to ring of resist corrosion.
   853 | D:2      | 853 ||| READING scroll labelled ZUGHUIL IKIUSU.
   854 | D:2      | 854 ||| READING scroll labelled ARPHUMN SOKAISM.
   855 | D:2      | 855 ||| DROPPING scroll of poison.
  1021 | D:2      | Found a hide-covered altar of Uskayaw.
  1656 | D:2      | 1656 ||| UPGRADING to ring of see invisible.
  1657 | D:2      | 1657 ||| READING scroll labelled ROLYNA IJEMU.
  1658 | D:2      | 1658 ||| READING scroll labelled ZOIMUC HITOL.
  1797 | D:3      | 1797 ||| FLEEEEING.
  1798 | D:3      | 1798 ||| FLEEEEING.
  1799 | D:3      | 1799 ||| FLEEEEING.
  1800 | D:3      | 1800 ||| FLEEEEING.
  1801 | D:3      | 1801 ||| FLEEEEING.
  1802 | D:3      | 1802 ||| FLEEEEING.
  1803 | D:3      | 1803 ||| FLEEEEING.
  1804 | D:3      | 1804 ||| FLEEEEING.
  1805 | D:3      | 1805 ||| FLEEEEING.
  1811 | D:3      | 1811 ||| FLEEEEING.
  1812 | D:3      | 1812 ||| FLEEEEING.
  1813 | D:3      | 1813 ||| FLEEEEING.
  1814 | D:3      | 1814 ||| FLEEEEING.
  1815 | D:3      | 1815 ||| FLEEEEING.
  1821 | D:3      | 1821 ||| FLEEEEING.
  1937 | D:3      | Found a runed translucent door.
  1938 | D:3      | Noticed qw's ghost (amateur DEHu)
  2005 | D:3      | Noticed a black bear
  2013 | D:3      | Killed a black bear
  2014 | D:3      | Reached skill level 5 in Ranged Weapons
  2014 | D:3      | Reached XP level 4. HP: 26/26 MP: 5/5
  2014 | D:3      | Reached XP level 5. HP: 30/30 MP: 6/6
  2873 | D:3      | 2873 ||| UPGRADING to +0 ring mail.
  2883 | D:3      | 2883 ||| DROPPING +0 leather armour.
  2884 | D:3      | 2884 ||| UPGRADING to +0 cloak.
  2889 | D:3      | 2889 ||| UPGRADING to +0 helmet.
  2894 | D:3      | 2894 ||| READING scroll of enchant armour.
  2894 | D:3      | 2894 ||| ENCHANTING +0 helmet.
  2895 | D:3      | 2895 ||| READING 2 scrolls labelled DEICUAMUTYTH.
  2965 | D:3      | 2965 ||| READING scroll labelled LADWIVVALAY.
  2966 | D:3      | 2966 ||| READING scroll labelled WEXYDARUTY.
  3001 | D:4      | Found an ornate altar of the Wu Jian Council.
  3039 | D:4      | Reached skill level 1 in Armour
  3058 | D:4      | Noticed Dowan
  3058 | D:4      | Noticed Duvessa
  3069 | D:4      | Killed Duvessa
  3070 | D:4      | Reached XP level 6. HP: 31/38 MP: 7/7
  3075 | D:4      | Killed Dowan
  3223 | D:4      | Reached skill level 6 in Ranged Weapons
  3223 | D:4      | Reached XP level 7. HP: 37/43 MP: 8/8
  3327 | D:4      | Found Bashror's Magic Scroll Emporium.
  3337 | D:4      | 3337 ||| SHOPLISTING 3 scrolls of enchant weapon (270 gold,
                  | have 134).
  3337 | D:4      | 3337 ||| BUYING scroll of enchant armour (90 gold).
  3337 | D:4      | Bought a scroll of enchant armour for 90 gold pieces
  3337 | D:4      | 3337 ||| BUYING scroll of identify (24 gold).
  3337 | D:4      | Bought a scroll of identify for 24 gold pieces
  3337 | D:4      | 3337 ||| SHOPLISTING scroll of identify (24 gold, have 20).
  3337 | D:4      | 3337 ||| SHOPLISTING scroll of teleportation (36 gold, have
                  | 20).
  3337 | D:4      | 3337 ||| READING scroll of enchant armour.
  3337 | D:4      | 3337 ||| ENCHANTING +1 helmet.
  3403 | D:4      | Found a transporter.
  3453 | D:4      | Found a transporter.
  3561 | D:4      | 3561 ||| FLEEEEING.
  3562 | D:4      | 3562 ||| FLEEEEING.
  3772 | D:4      | 3772 ||| READING scroll of enchant armour.
  3772 | D:4      | 3772 ||| ENCHANTING +0 cloak.
  3791 | D:4      | 3791 ||| UPGRADING to +0 pair of boots.
  3796 | D:4      | 3796 ||| DROPPING ring of resist corrosion.
  3797 | D:4      | 3797 ||| UPGRADING to +5 ring of evasion.
  3799 | D:4      | 3799 ||| UPGRADING to +6 ring of dexterity.
  3801 | D:4      | 3801 ||| DROPPING ring of resist corrosion.
  3802 | D:4      | 3802 ||| UPGRADING to +5 ring of evasion.
  3804 | D:4      | 3804 ||| DROPPING ring of see invisible.
  3805 | D:4      | 3805 ||| READING scroll labelled ILOLOKLOV.
  3806 | D:4      | 3806 ||| DRINKING 2 black potions.
  3807 | D:4      | 3807 ||| READING 3 scrolls of identify.
  3807 | D:4      | 3807 ||| IDENTIFYING grey potion
  3808 | D:4      | 3808 ||| READING 2 scrolls of identify.
  3808 | D:4      | 3808 ||| IDENTIFYING coppery potion
  3809 | D:4      | 3809 ||| DROPPING potion of ambrosia.
  3827 | D:5      | Entered Level 5 of the Dungeon
  3872 | D:5      | Found a staircase to the Ecumenical Temple.
  3873 | D:5      | 3873 ||| PLANNING TEMPLE
  3881 | Temple   | Entered the Ecumenical Temple
  4119 | Temple   | 4119 ||| PLANNING D:1-11
  4130 | D:5      | 4130 ||| Stepping ~*~*~tactically~*~*~ (water).
  4378 | D:5      | Noticed a walking frostbound tome
  4380 | D:5      | Found Tedghudie's Book Shop.
  4382 | D:5      | Noticed a walking earthen tome
  4577 | D:5      | 4577 ||| READING scroll of brand weapon.
  4577 | D:5      | 4577 ||| BRANDING +1 sling of flaming.
  4852 | D:5      | Reached skill level 7 in Ranged Weapons
  4971 | D:5      | 4971 ||| DROPPING ring of flight.
  4972 | D:5      | 4972 ||| READING scroll labelled GITEYSK QOLUCU.
  4973 | D:5      | 4973 ||| DRINKING 2 dark potions.
  4974 | D:5      | 4974 ||| READING 2 scrolls of identify.
  4974 | D:5      | 4974 ||| IDENTIFYING murky brown potion
  4975 | D:5      | 4975 ||| DROPPING potion of magic.
  5043 | D:6      | Noticed a steam dragon
  5061 | D:6      | Killed a steam dragon
  5062 | D:6      | Reached skill level 3 in Dodging
  5140 | D:6      | Reached XP level 8. HP: 48/48 MP: 9/9
  5267 | D:6      | 5267 ||| Stepping ~*~*~tactically~*~*~ (outnumbered).
  5289 | D:6      | HP: 11/48 [electric eel/bolt of electricity (2)]
  5290 | D:6      | 5290 ||| READING scroll of teleportation.
  5291 | D:6      | 5291 ||| DRINKING potion of heal wounds.
  5357 | D:6      | Noticed a boulder beetle
  5375 | D:6      | a boulder beetle changed into a shapeshifter
  5375 | D:6      | Noticed a shapeshifter (shapeshifter)
  5375 | D:6      | a shapeshifter changed into a jumping spider
  5375 | D:6      | Noticed a jumping spider (shapeshifter)
  5386 | D:6      | Killed a jumping spider
  5387 | D:6      | Reached skill level 8 in Ranged Weapons
  5781 | D:6      | Reached skill level 3 in Armour
  5809 | D:6      | 5809 ||| FLEEEEING.
  5981 | D:6      | 5981 ||| UPGRADING to +2 cloak of poison resistance.
  5991 | D:6      | 5991 ||| DROPPING +1 cloak.
  5992 | D:6      | 5992 ||| DROPPING ring of willpower.
  5993 | D:6      | 5993 ||| DRINKING 3 amethyst potions.
  6033 | D:7      | Reached skill level 9 in Ranged Weapons
  6058 | D:7      | Reached XP level 9. HP: 54/54 MP: 10/10
  6089 | D:7      | Reached skill level 6 in Fighting
  6345 | D:7      | Reached skill level 10 in Ranged Weapons
  6462 | D:7      | 6462 ||| SWAPPING to +0 orcbow.
  6464 | D:7      | 6464 ||| Stepping ~*~*~tactically~*~*~ (outnumbered).
  6465 | D:7      | 6465 ||| DROPPING +1 sling of chaos.
  6588 | D:7      | Found an iron altar of Okawaru.
  6589 | D:7      | 6589 ||| PLANNING OKAWARU WORSHIP
  6589 | D:7      | 6589 ||| DRINKING 2 fuming orange potions.
  6590 | D:7      | 6590 ||| DRINKING 2 bubbling amethyst potions.
  6591 | D:7      | 6591 ||| READING 2 scrolls of identify.
  6591 | D:7      | 6591 ||| IDENTIFYING fuming inky potion
  6592 | D:7      | 6592 ||| DROPPING potion of brilliance.
  6593 | D:7      | 6593 ||| DROPPING potion of invisibility.
  6609 | D:7      | Reached skill level 11 in Ranged Weapons
  6720 | D:7      | Became a worshipper of Warmaster Okawaru
  6721 | D:7      | 6721 ||| PLANNING D:1-11
  6866 | D:7      | Reached XP level 10. HP: 54/63 MP: 11/11
  7204 | D:7      | 7204 ||| READING 2 scrolls labelled IMAHYA YTHRIUQ.
  7247 | D:7      | 7247 ||| DROPPING scroll of torment.
  7308 | D:8      | 7308 ||| Stepping ~*~*~tactically~*~*~ (outnumbered).
  7460 | D:8      | Found a snail-covered altar of Cheibriados.
  7667 | D:8      | Found a shimmering blue altar of Sif Muna.
  7668 | D:8      | 7668 ||| FLEEEEING.
  7669 | D:8      | 7669 ||| FLEEEEING.
  7674 | D:8      | 7674 ||| FLEEEEING.
  7675 | D:8      | 7675 ||| FLEEEEING.
  7685 | D:8      | 7685 ||| Stepping ~*~*~tactically~*~*~ (outnumbered).
  7706 | D:8      | HP: 14/64 [troll (5)]
  7707 | D:8      | 7707 ||| READING 3 scrolls of teleportation.
  7707 | D:8      | Killed from afar by an orc priest

Levels and vault maps discovered:
D:1:      psy_arrival_radial02, layout_basic
D:2:      layout_loops_corners, basic_altar
D:3:      layout_basic, ebering_ghost_reflecting_pool
D:4:      layout_loops_ring, mainiacjoe_overflow_24_doors,
          gammafunk_ghost_gnarly_gnolls, serial_shops,
          nicolae_shop_tiny_waterfront, corexii_item_surrounded_by_moat,
          uniq_duvessa
D:5:      layout_loops_corners, minmay_temple_entry_mist, serial_shops,
          nicolae_shop_mannequins
D:6:      layout_gridville, kennysheep_generic_room_2
D:7:      minmay_thinvault, layout_basic, okawaru_humans,
          kennysheep_generic_room_10
D:8:      layout_loops_corners, nzn_overflow_gifts_of_might_and_magic,
          general_overflow_altar, uniq_maggie
Temple:   compressed_dpeg_triangle_lava_temple

Skill      XL: |  1  2  3  4  5  6  7  8  9 10 |
---------------+-------------------------------+-----
Ranged Weapons | 3 5 6 7 9 11 | 11.7
Fighting       | 2 4 5 7 8 |  8.0
Armour         | 1 2 3 4 |  4.0
Dodging        | 3 |  3.0
Spellcasting   | |  1.0
Hexes          | |  2.6

Action                     |  1- 3 |  4- 6 |  7- 9 | 10-12 || total
---------------------------+-------+-------+-------+-------++-------
   Fire: Sling             |   156 |   102 |   344 |       ||   602
         Orcbow            |       |       |    80 |    88 ||   168
    Use: Scroll            |     4 |     4 |    10 |     2 ||    20
         Potion            |       |       |     6 |       ||     6
 Armour: Robe              |    23 |       |       |       ||    23
         Leather armour    |    35 |    20 |       |       ||    55
         Ring mail         |       |    29 |   118 |    28 ||   175
  Dodge: Dodged            |    65 |    39 |   219 |    83 ||   406

Table legend:
 A = Non-vault XP
 B = Vault XP
 C = Vault XP percentage of total XP
 D = Non-vault monster count
 E = Vault monster count
 F = Vault count percentage of total count
                 A         B        C        D         E       F
            +---------+---------+-------+---------+---------+-------
      Total |    4204 |    1642 |  28.1 |     124 |      17 |  12.1
            +---------+---------+-------+---------+---------+-------
        D:1 |      37 |       0 |   0.0 |      23 |       0 |   0.0
        D:2 |      15 |       0 |   0.0 |       9 |       0 |   0.0
        D:3 |     178 |       0 |   0.0 |      16 |       0 |   0.0
        D:4 |     253 |     211 |  45.5 |      19 |       2 |   9.5
        D:5 |     250 |       0 |   0.0 |       8 |       0 |   0.0
        D:6 |    1246 |      41 |   3.2 |      17 |       1 |   5.6
        D:7 |    1460 |    1170 |  44.5 |      22 |      13 |  37.1
        D:8 |     765 |     220 |  22.3 |      10 |       1 |   9.1
            +---------+---------+-------+---------+---------+-------
